 Dungeon Crawl Stone Soup version 0.26.1-11-gd32895ea62 (webtiles) character file.

Game seed: 10162930332923313751

402 Rediskos the Caller (level 6, 0/28 HPs)
             Began as a Tengu Summoner on Apr 20, 2021.
             Was an Initiate of Hepliaklqana.
             Slain by an ufetubus (4 damage)
             ... on level 5 of the Dungeon.
             The game lasted 00:25:25 (6475 turns).

Rediskos the Caller (Tengu Summoner)                Turns: 6475, Time: 00:25:26

Health: 0/28       AC:  2    Str:  9    XL:     6   Next: 85%
Magic:  4/12       EV: 14    Int: 17    God:    Hepliaklqana [......]
Gold:   171        SH:  0    Dex: 14    Spells: 2/12 levels left

rFire    . . .     SeeInvis +   v - +0 trident
rCold    . . .     Faith    .   (no shield)
rNeg     . . .     Spirit   .   a - +0 robe
rPois    .         Reflect  .   (helmet restricted)
rElec    .         Harm     .   j - scarf {repulsion}
rCorr    .         Rampage  .   (no gloves)
Will     .....                  (boots unavailable)
Stlth    ++........             (no amulet)
HPRegen  0.09/turn              d - ring of see invisible
MPRegen  0.13/turn              (no ring)

@: repel missiles
A: reduced essence, beak, talons 3, able to fly
a: Fly, Renounce Religion, Recall Ancestor, Ancestor Identity


You were on level 5 of the Dungeon.
You worshipped Hepliaklqana.
Hepliaklqana was noncommittal.
You visited 2 branches of the dungeon, and saw 6 of its levels.

You collected 171 gold pieces.

Inventory:

Hand Weapons
 c - a +0 dagger
 v - a +0 trident (weapon)
Missiles
 b - 204 stones
 h - 6 curare-tipped darts
 u - 8 poisoned darts
Armour
 a - a +0 robe (worn)
 j - a scarf of repulsion (worn)
Jewellery
 d - a ring of see invisible (left hand)
Scrolls
 f - a scroll of remove curse
 m - a scroll of amnesia {unknown}
 n - 2 scrolls of fear {unknown}
 o - 3 scrolls of teleportation {unknown}
 p - 3 scrolls of identify {unknown}
 q - a scroll of enchant armour {unknown}
 r - a scroll of blinking {unknown}
 t - a scroll of enchant weapon {unknown}
 w - a scroll of fog {unknown}
Potions
 e - 2 potions of flight {unknown}
 g - 3 potions of heal wounds {unknown}
 i - a potion of invisibility {unknown}
 k - a potion of resistance {unknown}
 s - a potion of curing {unknown}


   Skills:
 - Level 3.9 Dodging
 - Level 2.0 Stealth
 + Level 3.9 Spellcasting
 + Level 6.6 Summonings
 * Level 3.6 Air Magic


You had 2 spell levels left.
You knew the following spells:

 Your Spells              Type           Power        Failure   Level
a - Call Canine Familiar  Summ           25%          3%          3
b - Call Imp              Summ           25%          1%          2
c - Summon Small Mammal   Summ           100%         1%          1
d - Summon Lightning Spi  Summ/Air       20%          19%         4

Your spell library contained the following spells:

 Spells                   Type           Power        Failure   Level
 Summon Guardian Golem    Hex/Summ       14%          12%         3
 Summon Ice Beast         Ice/Summ       14%          38%         4


Dungeon Overview and Level Annotations

Branches:
Dungeon (5/15)             Temple (1/1) D:4

Altars:
Dithmenos
Elyvilon
Gozag
Hepliaklqana
Kikubaaqudgha
Makhleb
Nemelex Xobeh
Okawaru
Qazlal
Ru
Uskayaw
Vehumet
Xom
Yredelemnul
Zin

Annotations:
D:5 Sigmund


Innate Abilities, Weirdness & Mutations

You have a beak for a mouth.
You have claws for feet.
You can fly continuously.
Your life essence is reduced to manifest your ancestor. (-10% HP)


Message History

The water moccasin skeleton closely misses your crimson imp.
The bullfrog skeleton closely misses you.
Casting: Call Canine Familiar (dangerous; 3% risk of failure)
Confirm with . or Enter, or press ? or * to list all spells.
The bullfrog skeleton hits you.
* * * LOW HITPOINT WARNING * * *
Your hound bites the bullfrog skeleton.
The bullfrog skeleton hits you.
* * * LOW HITPOINT WARNING * * *
Your hound bites the bullfrog skeleton.
The bullfrog skeleton misses your hound.
A jelly comes into view.
Your hound bites the bullfrog skeleton.
The bullfrog skeleton is destroyed!
Something misses your crimson imp.
There is a stone staircase leading down here.
Your hound bites the ufetubus.
Something barely misses your crimson imp.
Your crimson imp blinks!
The ufetubus hits you.
You die...

##### ## #...# #.
#...# #. #...#######
#.
#.........##########.
#..................#.
#..................#.
#...@5h.>..§l...l...Z
#...............†..#.
########...........#.
#...........##
**********
#...........#
*,,,,,,,,*
#J..........#
*,,,,,,,,*
#...........#
*,,,,,,,,*
#...........#
*,,,,,,,,*
#.###########*


You could see an ufetubus and a friendly hound (summoned).

Vanquished Creatures
  An orc priest (D:3)
  A leopard gecko (D:1)
  A bat (D:2)
  A goblin (D:1)
4 creatures vanquished.

Vanquished Creatures (collateral kills)
  Grinder (D:4)
  2 howler monkeys
  A centaur skeleton (D:5)
  An orc priest (D:3)
  A bullfrog skeleton (D:5)
  Natasha (D:3)
  An orc wizard (D:4)
  4 gnolls (D:2)
  5 adders
  2 adder skeletons
  3 worms (D:2)
  3 dart slugs
  3 leopard geckos
  9 orcs
  A ball python (D:2)
  6 giant cockroaches
  11 goblins
  8 hobgoblins
  12 jackals
  9 kobolds
  2 quokkas
  5 bats
  8 frilled lizards
  A leopard gecko zombie (D:5)
  A quokka zombie (D:5)
  10 rats
111 creatures vanquished.

Grand Total: 115 creatures vanquished

Notes
Turn   | Place    | Note
-------+----------+-------------------------------------------
     0 | D:1      | Rediskos the Tengu Summoner began the quest for the Orb.
     0 | D:1      | Reached XP level 1. HP: 10/10 MP: 4/4
   489 | D:1      | Reached skill level 5 in Summonings
   549 | D:1      | Reached XP level 2. HP: 15/15 MP: 3/6
   552 | D:1      | Learned a level 2 spell: Call Imp
  1876 | D:1      | Reached XP level 3. HP: 9/19 MP: 0/7
  2046 | D:1      | Learned a level 3 spell: Call Canine Familiar
  2676 | D:2      | Reached XP level 4. HP: 24/24 MP: 4/9
  3983 | D:3      | Gained mutation: You can fly continuously. [Tengu growth]
  3983 | D:3      | Reached XP level 5. HP: 15/28 MP: 1/10
  4481 | D:3      | Noticed Natasha
  4510 | D:3      | Killed Natasha
  4865 | D:3      | Reached skill level 6 in Summonings
  5597 | D:4      | Learned a level 4 spell: Summon Lightning Spire
  5676 | D:4      | Found a staircase to the Ecumenical Temple.
  5686 | Temple   | Entered the Ecumenical Temple
  5811 | Temple   | Became a worshipper of Hepliaklqana the Forgotten
  5882 | D:4      | Noticed Grinder
  5918 | D:4      | Killed Grinder
  5919 | D:4      | Reached XP level 6. HP: 28/28 MP: 2/12
  6358 | D:5      | Entered Level 5 of the Dungeon
  6448 | D:5      | Noticed Sigmund
  6475 | D:5      | Slain by an ufetubus

Illustrated notes

Levels and vault maps discovered:
D:1:      lightli_arrival_flooded_house, layout_loops_corners,
          wad_floor_pattern_untrapped
D:2:      minmay_spotlight, layout_basic
D:3:      layout_basic, minmay_misc_feat_plants, minmay_ruptured, uniq_natasha
D:4:      layout_basic, minmay_temple_entry_tees, wad_floor_pattern_2,
          uniq_grinder
D:5:      layout_basic, lightli_ossuary_entry_decrepit_ruins, minmay_bent,
          uniq_sigmund
Temple:   regret_index_temple_waves

Skill      XL: |  1  2  3  4  5  6 |
---------------+-------------------+-----
Summonings     | 5 6 |  6.6
Dodging        | 3 |  3.9
Spellcasting   | 3 |  3.9
Air Magic      | 2 3 |  3.6
Stealth        | |  2.0

Action                   |  1- 3 |  4- 6 || total
-------------------------+-------+-------++-------
Melee: Dagger            |    20 |    11 ||    31
       Peck              |     2 |       ||     2
       Kick              |     2 |     3 ||     5
       Trident           |       |     1 ||     1
 Cast: Summon Small Mamm |    26 |     4 ||    30
       Call Imp          |    35 |    50 ||    85
       Call Canine Famil |       |    16 ||    16
Invok: Ancestor Identity |       |     1 ||     1
  Use: Scroll            |       |     2 ||     2
Armor: Robe              |     7 |     6 ||    13
Dodge: Dodged            |    27 |    37 ||    64
